 Dungeon Sprint DCSS version 0.22.0-16-gc6d26f6 (webtiles) character file.

84 doot the Skirmisher (level 4, -4/44 HPs)
             Began as a Draconian Berserker on Aug 17, 2018.
             Was a Believer of Trog.
             Splashed by an oklob sapling priest's acid (16 damage)
             ... in the Dungeon (Sprint IV: "Fedhas' Mad Dash").
             The game lasted 00:01:01 (317 turns).

doot the Skirmisher (Draconian Berserker)            Turns: 317, Time: 00:01:03

Health: -4/44      AC: -3    Str: 20    XL:     4   Next: 24%
Magic:  3/4        EV: 14    Int:  7    God:    Trog [**....]
Gold:   59         SH:  0    Dex: 11    Spells: 3/3 levels left

rFire    . . .     SeeInvis .   a - +0 mace
rCold    . . .     Gourm    .   (no shield)
rNeg     . . .     Faith    .   (armour unavailable)
rPois    .         Spirit   .   (helmet restricted)
rElec    .         Reflect  .   (no cloak)
rCorr    .         Harm     .   (no gloves)
MR       .....     NoTele   +   (no boots)
Stlth    +.........             i - amulet of invisibility {+Inv}
HPRegen  0.14/turn              (no ring)
MPRegen  0.09/turn              (no ring)

@: corroded, very slightly contaminated, invisible (expiring)
A: unfitting armour, cold-blooded, AC +5
a: Berserk, Trog's Hand, Renounce Religion


You were in the Dungeon.
You worshipped Trog.
Trog was pleased with you.
You were hungry.

You visited 1 branch You collected 59 gold pieces.

Inventory:

Hand Weapons
 a - a +0 mace (weapon)
Jewellery
 i - the amulet of invisibility (around neck) {+Inv}
   (You found it in the Dungeon)

   [amulet of nothing]

   It lets you turn invisible.
Scrolls
 h - a scroll of blinking
Potions
 c - a potion of curing
 d - a potion of heal wounds
 e - a potion of haste
 f - 2 potions of magic
 g - a potion of berserk rage
Comestibles
 b - a ration


   Skills:
 + Level 6.2 Fighting
 + Level 5.7 Maces & Flails
 + Level 5.0 Dodging
 + Level 0.7 Stealth
 + Level 0.3 Evocations


You had 3 spell levels left.
You didn't know any spells.
Your spell library was empty.

Dungeon Overview and Level Annotations

Branches:
Dungeon (1/1)

Altars:
Cheibriados
Dithmenos
Elyvilon
Gozag
Hepliaklqana
Kikubaaqudgha
Makhleb
Nemelex Xobeh
Okawaru
Qazlal
Ru
Sif Muna
Trog
Uskayaw
Vehumet
Wu Jian
Xom
Yredelemnul
Zin
The Shining One
Beogh
Jiyva
Lugonu

Annotations:
D exclusion: oklob sapling


Innate Abilities, Weirdness & Mutations

Your plain brown scales are hard. (AC +5)
You cannot fit into any form of body armour.
You are cold-blooded and may be slowed by cold attacks.


Message History

The oklob sapling priest spits acid at you.
The splash of acid hits you! The acid corrodes you!
You are splashed with acid!
The acid burns!
There is a sparkling altar of Nemelex Xobeh here.
You hit the oklob sapling priest but do no damage.
You sock the oklob sapling priest!
You tail-slap the oklob sapling priest, but do no damage.
The oklob sapling priest is heavily damaged.
You strike the helpless oklob sapling priest from behind!
You hit the oklob sapling priest but do no damage.
The oklob sapling priest is heavily damaged.
The oklob sapling priest spits acid at something.
You hit the oklob sapling priest but do no damage.
The oklob sapling priest is heavily damaged.
You flicker for a moment.
The oklob sapling priest spits acid at you.
The splash of acid hits you!
* * * LOW HITPOINT WARNING * * *
The acid corrodes you!
You are splashed with acid!
The acid burns!
You die...

########################
....#.....#.⌠._._._._.⌠.
[...'.#.(.'.._._._._._..
....#.#...#..._.@P_._...
########'##.._._._._._..
+...#._._._._._.⌠.
#...############## #####


You could see an oklob sapling priest.

Vanquished Creatures
  2 oklob saplings (D)
  A worker ant (D)
  A river rat (D)
  A rat (D)
5 creatures vanquished.

Notes
Turn   | Place    | Note
-------+----------+-------------------------------------------
     0 | D        | doot the Draconian Berserker began the quest for the Orb.
     0 | D        | Reached XP level 1. HP: 19/19 MP: 1/1
     9 | D        | Reached skill level 4 in Fighting
     9 | D        | Reached XP level 2. HP: 27/27 MP: 2/2
    68 | D        | Noticed an oklob sapling
    69 | D        | Killed an oklob sapling
    69 | D        | Reached ** piety under Trog
    69 | D        | Reached skill level 5 in Fighting
    69 | D        | Reached XP level 3. HP: 36/36 MP: 3/3
    99 | D        | Found the amulet of invisibility {+Inv}
   105 | D        | Reached skill level 5 in Maces & Flails
   195 | D        | Noticed an oklob sapling
   200 | D        | Killed an oklob sapling
   200 | D        | Reached skill level 6 in Fighting
   200 | D        | Reached skill level 5 in Dodging
   200 | D        | Reached XP level 4. HP: 44/44 MP: 1/4
   305 | D        | Found an opulent altar of Gozag.
   305 | D        | Found a hazy altar of Hepliaklqana.
   305 | D        | Found a roughly hewn altar of Beogh.
   305 | D        | Found a snail-covered altar of Cheibriados.
   307 | D        | Found a viscous altar of Jiyva.
   307 | D        | Found a burning altar of Makhleb.
   307 | D        | Found a sparkling altar of Nemelex Xobeh.
   307 | D        | Found a sacrificial altar of Ru.
   307 | D        | Found a deep blue altar of Sif Muna.
   307 | D        | Found a bloodstained altar of Trog.
   307 | D        | Found an ornate altar of the Wu Jian Council.
   307 | D        | Found a shimmering altar of Xom.
   307 | D        | Found a basalt altar of Yredelemnul.
   308 | D        | Found an iron altar of Okawaru.
   308 | D        | Found a glowing silver altar of Zin.
   308 | D        | Found a shadowy altar of Dithmenos.
   309 | D        | Found a hide-covered altar of Uskayaw.
   309 | D        | Found an ancient bone altar of Kikubaaqudgha.
   310 | D        | Found a stormy altar of Qazlal.
   310 | D        | Found a glowing golden altar of the Shining One.
   310 | D        | Found a white marble altar of Elyvilon.
   311 | D        | Found a radiant altar of Vehumet.
   311 | D        | Found a corrupted altar of Lugonu.
   317 | D        | Splashed by an oklob sapling priest's acid

Skill      XL: |  1  2  3 |
---------------+----------+-----
Fighting       | 4 5 6 |  6.2
Dodging        | 3 4 5 |  5.0
Maces & Flails | 4 5 |  5.7
Stealth        | |  0.7
Evocations     | |  0.3

Action                   |  1- 3 |  4- 6 || total
-------------------------+-------+-------++-------
Melee: Mace              |    13 |     4 ||    17
       Tailslap          |     3 |     1 ||     4
Invok: Berserk           |     2 |       ||     2
 Abil: Evoke Invisibilit |     1 |     1 ||     2
 Stab: Invisible         |     1 |     1 ||     2
       Sleeping          |     1 |       ||     1
Armor: Skin              |     1 |       ||     1
Dodge: Dodged            |     5 |       ||     5
